 Dungeon Crawl Stone Soup version 0.23.2-1-ga50397a (webtiles) character file.

Game seed: 4290081520195929545

55 goulibeur the Skirmisher (level 3, -2/33 HPs)
             Began as a Draconian Berserker on May 24, 2019.
             Was a Follower of Trog.
             Slain by a worker ant (3 damage)
             ... on level 2 of the Dungeon.
             The game lasted 00:03:18 (1425 turns).

goulibeur the Skirmisher (Draconian Berserker)      Turns: 1425, Time: 00:03:19

Health: -2/33      AC:  5    Str: 19    XL:     3   Next: 67%
Magic:  3/3        EV: 12    Int:  7    God:    Trog [*.....]
Gold:   109        SH:  3    Dex: 11    Spells: 2/2 levels left

rFire    . . .     SeeInvis .   a - +0 mace
rCold    . . .     Gourm    .   f - +0 buckler (curse)
rNeg     . . .     Faith    .   (armour unavailable)
rPois    .         Spirit   .   (helmet restricted)
rElec    .         Reflect  .   (no cloak)
rCorr    .         Harm     .   (no gloves)
MR       .....                  (no boots)
Stlth    +.........             (no amulet)
HPRegen  0.11/turn              (no ring)
MPRegen  0.08/turn              (no ring)

@: lethally poisoned (-2 -> -13)
A: unfitting armour, cold-blooded, AC +5
a: Berserk, Renounce Religion


You were on level 2 of the Dungeon.
You worshipped Trog.
Trog was aware of your devotion.
You were not hungry.

You visited 1 branch of the dungeon, and saw 2 of its levels.

You collected 109 gold pieces.

Inventory:

Hand Weapons
 a - a +0 mace (weapon)
Missiles
 h - 2 javelins (quivered)
Armour
 f - a cursed +0 buckler (worn)
Scrolls
 c - a scroll of remove curse {unknown}
 d - a scroll of magic mapping {unknown}
 e - a scroll of enchant armour {unknown}
 g - 3 scrolls of identify {unknown}
 i - 2 scrolls of teleportation {unknown}
Potions
 k - a potion of heal wounds {unknown}
Comestibles
 b - 3 rations
 j - a chunk of flesh


   Skills:
 + Level 3.7 Fighting
 + Level 3.4 Maces & Flails
 + Level 1.2 Throwing
 + Level 3.1 Dodging
 + Level 0.9 Shields


You had 2 spell levels left.
You didn't know any spells.
Your spell library was empty.

Dungeon Overview and Level Annotations

Branches:
Dungeon (2/15)

Altars:


Innate Abilities, Weirdness & Mutations

Your plain brown scales are hard. (AC +5)
You cannot fit into any form of body armour.
You are cold-blooded and may be slowed by cold attacks.


Message History

The worker ant is almost dead.
You feel sick. The worker ant closely misses you.
You closely miss the worker ant.
The worker ant is almost dead.
The worker ant barely misses you. x2
Your shield prevents you from hitting the worker ant.
The worker ant is almost dead.
You feel sick. The worker ant bites you.
* * * LOW HITPOINT WARNING * * *
You hit the worker ant but do no damage.
The worker ant is almost dead.
The worker ant bites you.
* * * LOW HITPOINT WARNING * * *
You are more poisoned.
The worker ant poisons you! The worker ant misses you.
You barely miss the worker ant. You tail-slap the worker ant.
The worker ant is almost dead.
* * * LOW HITPOINT WARNING * * *
You feel sick. The worker ant bites you.
You die...

### ..# #.###### #
#.##...
#.###.##.###
##.##.#........#
..........##.#.# #
.#..a@..##)#.##.#
#......####......#
...#...## ###.####
# ##.# #.# #.
#.#### #. #....# #
####.# #.# ###.#


You could see a worker ant.

Vanquished Creatures
  3 adders (D:2)
  A leopard gecko (D:2)
  A ball python (D:1)
  3 bats (D:1)
  2 giant cockroaches (D:1)
  2 goblins (D:1)
  3 hobgoblins (D:2)
  A quokka (D:2)
  2 frilled lizards (D:1)
  5 kobolds
  4 rats
27 creatures vanquished.

Vanquished Creatures (others)
  10 toadstools (D:2)
10 creatures vanquished.

Grand Total: 37 creatures vanquished

Notes
Turn   | Place    | Note
-------+----------+-------------------------------------------
     0 | D:1      | goulibeur the Draconian Berserker began the quest for the
                  | Orb.
     0 | D:1      | Reached XP level 1. HP: 19/19 MP: 1/1
   273 | D:1      | Reached XP level 2. HP: 24/26 MP: 2/2
   964 | D:2      | Reached skill level 1 in Throwing
   964 | D:2      | Reached XP level 3. HP: 28/31 MP: 3/3
  1425 | D:2      | HP: 1/33 [poisoned by a worker ant]
  1425 | D:2      | Slain by a worker ant

Skill      XL: |  1  2 |
---------------+-------+-----
Throwing       | 1 |  1.2
Dodging        | 3 |  3.1
Fighting       | |  3.7
Maces & Flails | |  3.4
Shields        | |  0.9

Action                   || total
-------------------------++-------
Melee: Mace              ||    91
       Tailslap          ||     7
  Eat: Chunk             ||     2
Armor: Skin              ||    20
Dodge: Dodged            ||    56
Block: Buckler           ||    12
